 Dungeon Crawl Stone Soup version 0.22.2-1-ge965b3aba3 (webtiles) character file.

48 theanonym the Vexing (level 3, 0/26 HPs)
             Began as a Mummy Enchanter on Aug 31, 2021.
             Slain by a white imp (1 damage)
             ... summoned by Natasha
             ... on level 2 of the Dungeon.
             The game lasted 00:01:52 (1433 turns).

theanonym the Vexing (Mummy Enchanter)              Turns: 1433, Time: 00:01:52

Health: 0/26       AC:  5    Str: 12    XL:     3   Next: 50%
Magic:  7/7        EV: 13    Int: 14    God:
Gold:   69         SH:  0    Dex: 12    Spells: 6/7 levels left

rFire    x . .     SeeInvis .   a - +1 dagger
rCold    + . .     Gourm    .   (no shield)
rNeg     + + +     Faith    .   d - +0 ring mail
rPois    ∞         Spirit   .   g - +0 hat
rElec    .         Reflect  .   (no cloak)
rCorr    .         Harm     .   (no gloves)
MR       .....                  (no boots)
Stlth    +.........             (no amulet)
HPRegen  0.08/turn              e - +3 ring of evasion
MPRegen  0.10/turn              (no ring)

@: no status effects
A: no food or potions, fire vulnerability, cold resistance 1, negative energy
resistance 3, torment resistance, unbreathing
a: no special abilities


Innate Abilities, Weirdness & Mutations

You do not eat or drink.
Your flesh is vulnerable to fire.
You are immune to poison.
Your flesh is cold resistant. (rC+)
You are immune to negative energy. (rN+++)
You are immune to unholy pain and torment.
You can survive without breathing.


   Skills:
 + Level 1.5 Fighting
 * Level 2.3 Short Blades
 - Level 1.5 Dodging
 - Level 2.4 Stealth
 - Level 2.6 Spellcasting
 - Level 2.6 Hexes


You had 6 spell levels left.
You knew the following spells:

 Your Spells              Type           Power        Failure   Level  Hunger
a - Corona                Hex            #......      17%         1    N/A

Your spell library contained the following spells:

 Spells                   Type           Power        Failure   Level  Hunger
 Ensorcelled Hibernation  Hex/Ice        #.....       41%         2    N/A
 Confuse                  Hex            #.......     45%         3    N/A
 Tukima's Dance           Hex            #.......     45%         3    N/A
 Dazzling Spray           Conj/Hex       #.....       65%         3    N/A

Skill      XL: |  1  2 |
---------------+-------+-----
Short Blades   | 1 2 |  2.3
Fighting       | 1 |  1.5
Dodging        | |  1.5
Stealth        | |  2.4
Spellcasting   | |  2.6
Hexes          | |  2.6

Action                   || total
-------------------------++-------
Melee: Dagger            ||   174
Armor: Robe              ||    16
       Ring mail         ||    38
Dodge: Dodged            ||   145

Inventory:

Hand Weapons
 a - a +1 dagger (weapon)
Armour
 b - a +0 robe
 d - a +0 ring mail (worn)
   (You found it on level 1 of the Dungeon)
 g - a +0 hat (worn)
   (You found it on level 2 of the Dungeon)
Jewellery
 e - a +3 ring of evasion (left hand)
   (You found it on level 1 of the Dungeon)
Scrolls
 c - a scroll of magic mapping {unknown}
 f - 3 scrolls of identify {unknown}
 h - a scroll of teleportation {unknown}


You were on level 2 of the Dungeon.
You were not hungry.

You visited 1 branch of the dungeon, and saw 2 of its levels.

You collected 69 gold pieces.

Dungeon Overview and Level Annotations

Branches:
Dungeon (2/15)

Altars:

Annotations:
D:2 Natasha

##.#...# #.....#
##....# ####....#
#+####### #.......#
#........ #.......#
#........ ##.......#
#........ #........#
####........
#...##...###5@...).....
#...##....##h##.#......
#...##....#858#.# ####.
#...#####5......#
############.#8.8#.#
.....$h......##.##.#
.......#......#.##.#
...8...+............
.......#.......###


You could see Natasha, a crimson imp and 2 white imps.

Notes
Turn   | Place    | Note
-------+----------+-------------------------------------------
     0 | D:1      | theanonym the Mummy Enchanter began the quest for the Orb.
     0 | D:1      | Reached XP level 1. HP: 13/13 MP: 4/4
    16 | D:1      | Reached skill level 1 in Short Blades
   230 | D:1      | Reached XP level 2. HP: 11/20 MP: 5/5
   419 | D:1      | HP: 7/20 [kobold/dagger (5)]
   431 | D:1      | Reached skill level 1 in Fighting
   432 | D:1      | HP: 6/21 [hobgoblin/club (2)]
   438 | D:1      | HP: 3/21 [hobgoblin/club (4)]
   768 | D:1      | HP: 8/21 [rat (3)]
   773 | D:1      | HP: 5/21 [dart slug/slug dart (2)]
  1042 | D:1      | Reached skill level 2 in Short Blades
  1204 | D:1      | Reached XP level 3. HP: 26/26 MP: 7/7
  1407 | D:2      | Noticed Natasha
  1431 | D:2      | HP: 10/26 [Natasha/magic dart (5)]
  1432 | D:2      | HP: 1/26 [Natasha (4)]
  1433 | D:2      | Slain by a white imp

Vanquished Creatures
  An adder (D:2)
  2 dart slugs
  6 bats
  2 giant cockroaches (D:1)
  3 goblins (D:1)
  4 hobgoblins (D:1)
  2 jackals (D:1)
  3 frilled lizards (D:1)
  8 kobolds
  3 rats
34 creatures vanquished.

Table legend:
 A = Turns spent in this place as a percentage of turns spent in the entire game.
 B = Non-inter-level travel turns spent in this place as a percentage of non-inter-level travel turns spent in the entire game.
 C = Inter-level travel turns spent in this place as a percentage of turns spent in this place.
 D = Turns resting spent in this place as a percentage of non-inter-level travel turns spent in this place.
 E = Turns spent auto-exploring this place as a percentage of non-inter-level travel turns spent in this place.
 F = Non-inter-level travel turns spent in this place divided by the number of levels of this place that you've seen.
                   A       B       C       D       E      F
               +-------+-------+-------+-------+-------+----------------------
         Total | 100.0 | 100.0 |   2.0 |  59.9 |  18.1 | 702.5
       Dungeon | 100.0 | 100.0 |   2.0 |  59.9 |  18.1 | 702.5
               +-------+-------+-------+-------+-------+----------------------
